 Dungeon Crawl Stone Soup version 0.16.1-4-g8e1b745 (console) character file.

4 gw the Magician (level 1, 0/12 HPs)
             Began as a Deep Elf Transmuter on Mar 27, 2015.
             Slain by a jackal (3 damage)
             ... on level 1 of the Dungeon.
             The game lasted 00:00:16 (183 turns).

gw the Magician (Deep Elf Transmuter)                Turns: 183, Time: 00:00:16

Health: 0/12       AC:  2    Str:  7    XL:     1   Next: 58%
Magic:  5/5        EV: 13    Int: 17    God:
Gold:   35         SH:  0    Dex: 15    Spells: 1 memorised, 5 levels left

rFire  . . .     SeeInvis .       - Unarmed
rCold  . . .     Clarity  .     c - +0 robe
rNeg   . . .     SustAb   .     (no shield)
rPois  .         Gourm    .     (helmet restricted)
rElec  .         Spirit   .     (no cloak)
rCorr  .         Warding  .     (no gloves)
rMut   .         Stasis   .     (no boots)
MR     .....                    (no amulet)
Stlth  +.........               (no ring)
                                (no ring)

@: appendage (expiring), not resistant to hostile enchantments, very unstealthy
A: horns 2
a: End Transformation


You were on level 1 of the Dungeon.
You were not hungry.
You had grown temporary horns.
You visited 1 branch of the dungeon, and saw 1 of its levels.

You collected 35 gold pieces.

Inventory:

Missiles
 b - 12 arrows
Armour
 c - a +0 robe (worn)
Scrolls
 e - a scroll of enchant armour {unknown}
Books
 d - a book of Changes

   Spells                             Type                      Level
   a - Beastly Appendage              Transmutation                1
   b - Sticks to Snakes               Transmutation                2
   c - Spider Form                    Transmutation/Poison         3
   d - Ice Form                       Ice/Transmutation            4
   e - Blade Hands                    Transmutation                5
Comestibles
 a - a bread ration


   Skills:
 + Level 1.0 Fighting
 + Level 0.1 Armour
 - Level 2.4 Dodging
 + Level 2.5 Unarmed Combat
 + Level 3.0 Spellcasting
 * Level 2.2 Transmutations


You had 5 spell levels left.
You knew the following spells:

 Your Spells              Type           Power        Failure   Level  Hunger
a - Beastly Appendage     Trmt           ##....       10%         1    None


Dungeon Overview and Level Annotations

Branches:
Dungeon (1/15)

Altars:


Innate Abilities, Weirdness & Mutations

You have a pair of horns on your head.


Message History

Unknown command.
ATTACKING (-1,0)
You hit the jackal but do no damage. The jackal bites you.
The jackal bites you. The jackal bites you. The jackal closely misses you.
Unknown command.
Unknown command.
Unknown command.
Unknown command.
ATTACKING (-1,0)
You hit the jackal but do no damage. The jackal misses you.
The jackal bites you but does no damage.
Unknown command.
Unknown command.
Unknown command.
Unknown command.
ATTACKING (-1,0)
You hit the jackal.
The jackal is lightly wounded.
The jackal bites you.
You die...

##########
.......he#
.#.##.##h#
#.#########
#.........####
#######......# #
#.#.##.# # ###
#.#.##.# #
######...##.#.##.#
# #.....#
#.#.#.##.#####


You could see 2 jackals.

Table legend:
 A = Turns spent in this place as a percentage of turns spent in the entire game.
 B = Non-inter-level travel turns spent in this place as a percentage of non-inter-level travel turns spent in the entire game.
 C = Inter-level travel turns spent in this place as a percentage of turns spent in this place.
 D = Turns resting spent in this place as a percentage of non-inter-level travel turns spent in this place.
 E = Turns spent auto-exploring this place as a percentage of non-inter-level travel turns spent in this place.
 F = Non-inter-level travel turns spent in this place divided by the number of levels of this place that you've seen.
                   A       B       C       D       E      F
               +-------+-------+-------+-------+-------+----------------------
         Total | 100.0 | 100.0 |   0.0 |   3.1 |   2.1 | 387.0
       Dungeon | 100.0 | 100.0 |   0.0 |   3.1 |   2.1 | 387.0
               +-------+-------+-------+-------+-------+----------------------

Table legend:
 A = Kills in this place as a percentage of kills in entire the game.
 B = Kills by you in this place as a percentage of kills by you in the entire game.
 C = Kills by friends in this place as a percentage of kills by friends in the entire game.
 D = Other kills in this place as a percentage of other kills in the entire game.
 E = Experience gained in this place as a percentage of experience gained in the entire game.
 F = Experience gained in this place divided by the number of levels of this place that you have seen.
                   A       B       C       D       E      F
               +-------+-------+-------+-------+-------+----------------------
         Total | 100.0 | 100.0 |  -nan |  -nan | 100.0 |   7.0
       Dungeon | 100.0 | 100.0 |  -nan |  -nan | 100.0 |   7.0
               +-------+-------+-------+-------+-------+----------------------

Vanquished Creatures
  A giant cockroach (D:1)
  2 jackals (D:1)
  2 rats (D:1)
5 creatures vanquished.

Notes
Turn   | Place    | Note
--------------------------------------------------------------
     0 | D:1      | gw, the Deep Elf Transmuter, began the quest for the Orb.
     0 | D:1      | Reached XP level 1. HP: 11/11 MP: 5/5
   174 | D:1      | Reached skill level 1 in Fighting
   183 | D:1      | Slain by a jackal

Action                   || total
-------------------------++-------
Melee: Unarmed           ||    20
 Cast: Beastly Appendage ||     4
 Stab: Sleeping          ||     1

Vault maps used:
D:1:      dpeg_arrival_rooms_a
